 Dungeon Crawl Stone Soup version 0.31.0-11-ge490571c62 (webtiles) character file.

Game seed: 6747994989448878818

76 qw the Shooter (level 4, -2/22 HPs)
             Began as a Spriggan Hunter on Feb 3, 2024.
             Slain by an orc
             ... wielding a +0 hand axe
              (7 damage)
             ... on level 2 of the Dungeon.
             The game lasted 00:00:04 (1134 turns).

qw the Shooter (Spriggan Hunter)                    Turns: 1134, Time: 00:00:04

Health: -2/22      AC:  2    Str:  7    XL:     4   Next: 12%
Magic:  5/5        EV: 19    Int: 10    God:
Gold:   96         SH:  0    Dex: 20    Spells: 3/3 levels left

rFire   . . .        a - +0 shortbow
rCold   . . .        (shield currently unavailable)
rNeg    . . .        c - +0 robe
rPois   .            (helmet restricted)
rElec   .            (no cloak)
rCorr   .            (gloves unavailable)
SInv    +            (boots unavailable)
Will    .....        (no amulet)
Stlth   ++           (no ring)
HPRegen 0.23/turn    (no ring)
MPRegen 0.09/turn

%: no passive effects
@: very quick
A: very small, no large weapons, unfitting armour, see invisible, speed 3
a: no special abilities


You were on level 2 of the Dungeon.
You visited 1 branch of the dungeon, and saw 2 of its levels.

You collected 96 gold pieces.


Innate Abilities, Weirdness & Mutations

You are very small and have problems with some larger weapons.
You are too small for most types of armour.
You have supernaturally acute eyesight. (SInv)
You cover ground extremely quickly. (Speed+++)


   Skills:
 - Level 1.5 Fighting
 - Level 5.2 Ranged Weapons
 + Level 4.0 Dodging
 - Level 1.5 Stealth


You had 3 spell levels left.
You didn't know any spells.
Your spell library was empty.

Inventory:

Hand Weapons
 a - a +0 shortbow (weapon)
Armour
 c - a +0 robe (worn)
Scrolls
 b - a scroll of fog {unknown}
Potions
 d - a potion of haste
 e - a potion of might {unknown}
 g - a potion of attraction {unknown}

Dungeon Overview and Level Annotations

Branches:
Dungeon (2/15)

Altars:
The Shining One


Message History

You shoot an arrow.
The arrow closely misses the orc priest.
The bat hits you but does no damage. The bat closely misses you.
The orc priest closely misses you.
You shoot an arrow. The arrow hits the orc priest.
The orc priest is moderately wounded.
The bat hits you but does no damage.
The orc priest miscasts a cantrip.
You shoot an arrow. The arrow hits the orc priest!
The orc priest is almost dead.
The bat misses you. The orc priest misses you.
You shoot an arrow. The arrow hits the orc priest.
You kill the orc priest!
The bat misses you. The bat completely misses you. The bat barely misses you.
Your Ranged Weapons skill increases to level 5!
You have reached level 4!
You shoot an arrow. The arrow hits the bat!
You kill the bat!
The orc closely misses you.
You shoot an arrow. The arrow barely misses the orc.
The orc closely misses you.
You shoot an arrow.
The arrow hits the orc but does no damage.
The orc completely misses you.
You shoot an arrow. The arrow barely misses the orc.
The orc misses you.
You shoot an arrow.
The arrow hits the orc but does no damage.
The orc closely misses you.
You shoot an arrow. The arrow barely misses the orc.
The orc hits you with a +0 hand axe.
You shoot an arrow. The arrow barely misses the orc.
The orc completely misses you.
You shoot an arrow. The arrow hits the orc.
The orc is lightly wounded.
The orc completely misses you.
You shoot an arrow. The arrow hits the orc.
The orc is heavily wounded.
The orc barely misses you. The orc hits you with a +0 hand axe!
You die...

###### ##
#####...... .#
####........# .#
#........#
#.##.######
###.......##
#.#.......
.....#.##.# #.@.#
###.##.##.##
##.#o#
#.##.###.###.##)#
#.##.####...###)#
#.##.##.......#.#
#.##.##.###.#.#.#
#.##.##. #.#.#.#
#.##.## #.#.#.#
#.##.# #.#.#


You could see an orc.

Vanquished Creatures
  An orc priest (D:2)
  A dart slug (D:1)
  A ribbon worm (D:2)
  3 orcs (D:2)
  3 ball pythons (D:1)
  4 endoplasms
  4 giant cockroaches
  2 goblins
  5 hobgoblins (D:1)
  2 quokkas (D:1)
  3 bats
  A frilled lizard (D:1)
  3 kobolds (D:1)
  A rat (D:1)
34 creatures vanquished.

Notes
Turn   | Place    | Note
-------+----------+-------------------------------------------
     0 | D:1      | qw the Spriggan Hunter began the quest for the Orb.
     0 | D:1      | Reached XP level 1. HP: 10/10 MP: 2/2
     0 | D:1      | 0 ||| qw: Version: 0.3-a-157-g843a77d
     0 | D:1      | 0 ||| qw: Game counter: 3768
     0 | D:1      | 0 ||| qw: Melee chars always use a shield: true
     0 | D:1      | 0 ||| qw: God list: Okawaru
     0 | D:1      | 0 ||| qw: Allow faded altars: false
     0 | D:1      | 0 ||| qw: Do Orc after clearing Dungeon:15 true
     0 | D:1      | 0 ||| qw: Do second Lair branch before Depths: true
     0 | D:1      | 0 ||| qw: Lair rune preference: random
     0 | D:1      | 0 ||| qw: Goals: Normal
     0 | D:1      | 0 ||| PLANNING D:1-11
    19 | D:1      | Reached skill level 3 in Dodging
   126 | D:1      | Reached XP level 2. HP: 14/14 MP: 3/3
   583 | D:1      | Reached XP level 3. HP: 18/18 MP: 4/4
   832 | D:1      | 832 ||| DROPPING +6 ring of intelligence.
   833 | D:1      | 833 ||| READING scroll labelled JOHOCHETSENG.
   833 | D:1      | 833 ||| IDENTIFYING fizzy white potion
   834 | D:1      | 834 ||| READING 2 scrolls labelled BITYNN OMUHASA.
   838 | D:1      | 838 ||| DROPPING scroll of butterflies.
   850 | D:2      | 850 ||| STAIRDANCE
   863 | D:2      | 863 ||| STAIRDANCE
   863 | D:2      | HP: 4/18 [ribbon worm (3)]
   865 | D:1      | 865 ||| READING scroll of teleportation.
  1059 | D:2      | Found a glowing golden altar of the Shining One.
  1116 | D:2      | HP: 2/18 [orc priest/divine providence (16)]
  1126 | D:2      | Reached skill level 5 in Ranged Weapons
  1126 | D:2      | Reached XP level 4. HP: 4/22 MP: 5/5
  1131 | D:2      | HP: 4/22 [orc/+0 hand axe (1)]
  1134 | D:2      | Slain by an orc

Levels and vault maps discovered:
D:1:      dpeg_arrival_court, layout_basic, chequers_arboretum
D:2:      layout_loops_ring, basic_altar, uniq_crazy_yiuf_cottage

Skill      XL: |  1  2  3 |
---------------+----------+-----
Dodging        | 3 4 |  4.0
Ranged Weapons | 5 |  5.2
Fighting       | |  1.5
Stealth        | |  1.5

Action                     |  1- 3 |  4- 6 || total
---------------------------+-------+-------++-------
   Fire: Shortbow          |    97 |     9 ||   106
    Use: Scroll            |     3 |       ||     3
 Armour: Robe              |    19 |     2 ||    21
  Dodge: Dodged            |    56 |     8 ||    64

Table legend:
 A = Non-vault XP
 B = Vault XP
 C = Vault XP percentage of total XP
 D = Non-vault monster count
 E = Vault monster count
 F = Vault count percentage of total count
                 A         B        C        D         E       F
            +---------+---------+-------+---------+---------+-------
      Total |     109 |       0 |   0.0 |      34 |       0 |   0.0
            +---------+---------+-------+---------+---------+-------
        D:1 |      45 |       0 |   0.0 |      24 |       0 |   0.0
        D:2 |      64 |       0 |   0.0 |      10 |       0 |   0.0
            +---------+---------+-------+---------+---------+-------
